 Dungeon Crawl Stone Soup version 0.23.2 (webtiles) character file.

Game seed: 10517917394892265564

2109 PikkenKukken the Ruffian (level 9, -11/127 HPs)
             Began as a Troll Earth Elementalist on Apr 2, 2019.
             Was a Believer of Okawaru.
             Mangled by an orc knight
             ... wielding a +0 long sword
              (36 damage)
             ... on level 10 of the Dungeon.
             The game lasted 00:16:44 (5714 turns).

PikkenKukken the Ruffian (Troll Earth Elementalist) Turns: 5714, Time: 00:16:45

Health: -11/127    AC:  8    Str: 28    XL:     9   Next: 7%
Magic:  18/19      EV: 14    Int: 14    God:    Okawaru [**....]
Gold:   133        SH:  0    Dex: 10    Spells: 9/10 levels left

rFire    . . .     SeeInvis +     - Unarmed
rCold    . . .     Gourm    +   (no shield)
rNeg     . . .     Faith    .   w - +2 robe of Suhaur {Str+5}
rPois    .         Spirit   .   (helmet restricted)
rElec    .         Reflect  .   (no cloak)
rCorr    .         Harm     .   (gloves unavailable)
MR       .....                  (boots unavailable)
Stlth    ..........             l - amulet of rage
HPRegen  0.71/turn              e - ring of see invisible
MPRegen  0.16/turn              o - ring of magical power

@: berserking, heroism, very quick
A: large, unfitting armour, claws 3, fast metabolism 3, gourmand, regeneration
1, shaggy fur 1, tough skin 3
a: Heroism, Renounce Religion, Evoke Berserk Rage


You were on level 10 of the Dungeon.
You worshipped Okawaru.
Okawaru was pleased with you.
You were very full.

You visited 2 branches of the dungeon, and saw 9 of its levels.

You collected 313 gold pieces.
You spent 180 gold pieces at shops.

Inventory:

Missiles
 b - 208 stones (quivered)
Armour
 c - a +1 robe
 w - the +2 robe of Suhaur (worn) {Str+5}
   (You found it on level 5 of the Dungeon)

   It affects your strength (+5).
Jewellery
 e - a ring of see invisible (left claw)
 l - an amulet of rage (around neck)
 o - a ring of magical power (right claw)
Wands
 s - a wand of random effects (17)
 x - a wand of clouds (3)
Scrolls
 a - a scroll of enchant weapon
 g - 2 scrolls of fear
 h - 4 scrolls of identify
 u - 3 scrolls of amnesia
 y - 5 scrolls of teleportation
 B - a scroll of remove curse
Potions
 f - 2 potions of cancellation
 i - a potion of haste
 k - 2 potions of brilliance
 m - a potion of might {unknown}
 n - a potion of resistance {unknown}
 p - a potion of curing {unknown}
 q - a potion of magic {unknown}
 r - a potion of heal wounds {unknown}
 t - 2 potions of lignification
 v - 2 potions of flight
 z - a potion of agility {unknown}
 A - a potion of invisibility {unknown}
 C - a potion of mutation {unknown}
Comestibles
 d - 15 rations
 j - a chunk of flesh


   Skills:
 + Level 4.5(9.5) Fighting
 - Level 5.0(10.0) Throwing
 + Level 5.0(10.0) Dodging
 - Level 1.0(6.0) Stealth
 + Level 5.4(10.4) Unarmed Combat
 - Level 1.2 Spellcasting
   Level 0.6 Transmutations
 - Level 2.6 Earth Magic
 - Level 3.0 Invocations


You had 9 spell levels left.
You knew the following spells:

 Your Spells              Type           Power        Failure   Level  Hunger
a - Sandblast             Erth           #.....       9%          1    ##.....

Your spell library contained the following spells:

 Spells                   Type           Power        Failure   Level  Hunger
 Passwall                 Tmut/Erth      #.......     21%         2    ###....
 Stone Arrow              Conj/Erth      #.....       41%         3    ####...
 Petrify                  Tmut/Erth      #.......     78%         4    #####..
 Lee's Rapid Deconstruct  Erth           #.........   93%         5    ######.


Dungeon Overview and Level Annotations

Branches:
Dungeon (7/15)             Temple (1/1) D:4             Orc (0/2) D:10

Altars:
Ashenzari
Cheibriados
Elyvilon
Fedhas
Hepliaklqana
Kikubaaqudgha
Nemelex Xobeh
Okawaru
Qazlal
Sif Muna
Vehumet
Wu Jian
Xom
Zin
The Shining One

Shops:
D:10 *

Annotations:
D:10 Erica, Harold, Joseph


Innate Abilities, Weirdness & Mutations

You are too large for most types of armour.
You have claws for hands.
Your metabolism is lightning-fast.
You like to eat raw meat.
Your natural rate of healing is unusually fast.
You are covered in fur. (AC +1)
You have extremely tough skin. (AC +3)


Message History

You fail to use your ability.
A centaur comes into view.
Harold hits you with a +0 glaive. The orc knight completely misses you.
You fail to use your ability.
Harold hits you with a +0 glaive!
The orc knight hits you with a +0 long sword!
A red film seems to cover your vision as you go berserk!
You feel yourself moving faster!
You feel mighty!
The orc knight hits you with a +0 long sword.
Harold hits you with a +0 glaive!!
* * * LOW HITPOINT WARNING * * *
You mangle the orc knight!!
The orc knight is moderately wounded.
You claw the orc knight!
The orc knight is heavily wounded.
Harold barely misses you.
You completely miss Harold. The orc knight blocks your attack.
The orc knight is heavily wounded.
The orc knight hits you with a +0 long sword!!!
You die...

.>. #'#### #....#
#######.## ##........#
### ..........######..
##.............#.###.#
##........####(#.....#
##........# #>o@#
#........# ###@@c..#
######.### #ol..!...
#.# #@....... #.#
#..###..# .# #..#(#..#
#..###..# #... ...#


You could see Harold, 2 orc knights, Joseph, Erica, a centaur, an iguana and a
+5 long sword.

Vanquished Creatures
  A hippogriff (D:7)
  2 ice beasts
  An orc warrior (D:6)
  3 phantoms
  A sky beast (D:5)
  2 centaurs (D:5)
  A gnoll sergeant (D:6)
  2 bullfrogs
  A scorpion (D:5)
  A vampire bat (D:3)
  2 crimson imps
  A bullfrog zombie (D:5)
  A quasit (D:6)
  A jelly (D:6)
  4 hounds
  3 orc wizards
  A gnoll shaman (D:6)
  An iguana (D:5)
  Ijyb (D:3)
  4 worker ants
  A killer bee zombie (D:5)
  A hound skeleton (D:6)
  7 gnolls (D:6)
  A river rat (D:5)
  6 adders
  An adder zombie (D:6)
  7 dart slugs
  3 fire bats (D:3)
  5 leopard geckos
  10 orcs
  2 spectral bats (D:3)
  14 bats
  3 bat skeletons (D:3)
  A bat zombie (D:3)
  5 giant cockroaches
  8 goblins (D:1)
  6 hobgoblins
  2 jackals (D:6)
  9 kobolds
  2 quokkas
  4 ball pythons
  A bat simulacrum (D:3)
  2 frilled lizards
  A leopard gecko skeleton (D:6)
  7 rats
143 creatures vanquished.

Notes
Turn   | Place    | Note
-------+----------+-------------------------------------------
     0 | D:1      | PikkenKukken the Troll Earth Elementalist began the quest
                  | for the Orb.
     0 | D:1      | Reached XP level 1. HP: 16/16 MP: 1/1
    91 | D:1      | Reached XP level 2. HP: 26/26 MP: 2/2
   309 | D:1      | Reached skill level 1 in Unarmed Combat
   356 | D:1      | Reached skill level 1 in Throwing
   416 | D:1      | Reached XP level 3. HP: 32/32 MP: 1/3
   459 | D:1      | Reached skill level 1 in Fighting
  1639 | D:2      | Reached XP level 4. HP: 41/41 MP: 4/4
  1698 | D:3      | Found a shimmering altar of Xom.
  2275 | D:3      | Noticed Ijyb
  2282 | D:3      | Killed Ijyb
  2310 | D:3      | Reached XP level 5. HP: 49/49 MP: 5/5
  2636 | D:4      | Found a hazy altar of Hepliaklqana.
  2693 | D:4      | Found a snail-covered altar of Cheibriados.
  2720 | D:4      | Reached XP level 6. HP: 55/57 MP: 6/6
  2786 | D:4      | Found an ornate altar of the Wu Jian Council.
  2823 | D:4      | Found a staircase to the Ecumenical Temple.
  2923 | Temple   | Entered the Ecumenical Temple
  2963 | Temple   | Became a worshipper of Warmaster Okawaru
  3030 | D:4      | Found a sparkling altar of Nemelex Xobeh.
  3163 | D:5      | Entered Level 5 of the Dungeon
  3293 | D:5      | Reached skill level 1 in Invocations
  3434 | D:5      | Reached XP level 7. HP: 66/66 MP: 7/7
  3452 | D:4      | HP: 3/66 [leopard gecko (3)]
  3458 | D:4      | HP: 3/66 [poisoned by an adder]
  3831 | D:5      | Reached * piety under Okawaru
  3946 | D:5      | Reached XP level 8. HP: 58/75 MP: 8/8
  4333 | D:5      | Got a shimmering robe
  4764 | D:6      | Found a radiant altar of Vehumet.
  5201 | D:6      | Identified the +2 robe of Suhaur {Str+5} (You found it on
                  | level 5 of the Dungeon)
  5228 | D:6      | Reached ** piety under Okawaru
  5249 | D:6      | Reached skill level 5 in Unarmed Combat
  5481 | D:7      | Noticed a hippogriff
  5496 | D:7      | Killed a hippogriff
  5545 | D:7      | Reached XP level 9. HP: 81/85 MP: 10/10
  5608 | D:7      | You fall through a shaft for 3 floors!
  5608 | D:10     | Entered Level 10 of the Dungeon
  5608 | D:10     | Found Anes's Assorted Antiques.
  5615 | D:10     | Bought a scroll of identify for 72 gold pieces
  5615 | D:10     | Bought a scroll of remove curse for 108 gold pieces
  5615 | D:10     | Found a staircase to the Orcish Mines.
  5642 | D:10     | Reached skill level 5 in Throwing
  5642 | D:10     | Reached skill level 5 in Dodging
  5701 | D:10     | Noticed Joseph
  5701 | D:10     | Noticed Harold
  5701 | D:10     | Noticed an orc knight
  5701 | D:10     | Noticed a +5 long sword
  5705 | D:10     | Noticed an orc knight
  5706 | D:10     | Noticed Erica
  5714 | D:10     | Mangled by an orc knight

Skill      XL: |  1  2  3  4  5  6  7  8  9 |
---------------+----------------------------+-----
Unarmed Combat | 1 2 3 4 5 |  5.4
Throwing       | 1 2 3 4 5 |  5.0
Dodging        | 2 3 4 5 |  5.0
Fighting       | 1 2 3 4 |  4.5
Invocations    | 1 2 3 |  3.0
Stealth        | |  1.0
Spellcasting   | |  1.2
Transmutations | |  0.6
Earth Magic    | |  2.6

Action                   |  1- 3 |  4- 6 |  7- 9 || total
-------------------------+-------+-------+-------++-------
Melee: Unarmed           |   134 |   154 |   232 ||   520
       Punch             |       |     3 |     7 ||    10
 Cast: Sandblast         |     4 |     8 |    13 ||    25
Invok: Heroism           |       |       |     5 ||     5
 Abil: Evoke Berserk Rag |       |     4 |     3 ||     7
  Use: Scroll            |     4 |     7 |     5 ||    16
 Stab: Sleeping          |     3 |     2 |     2 ||     7
  Eat: Chunk             |    21 |    14 |    30 ||    65
Armor: Robe              |    47 |    99 |    59 ||   205
Dodge: Dodged            |    72 |   116 |   125 ||   313
